Map: Echo of the past

Players

Tesla - Winner!

  • Race: Protoss Protoss

YUTUBE

  • Race: Terran Terran

VOD

http://twitch.tv/gosu_pvp

Description

twitch.tv/gosu_pvp is awesome

Time

  • Played on: July 28, 2016, 11:01 a.m.
  • Length: 9:25
Show
View Real Time Build Order
Export as new Build Order

Tesla Protoss - Winner!

Build Orders:  

Get SALT Encoding   

  12  0:01  Probe (Chrono Boost)  
  13  0:12  Probe (Chrono Boost)  
  14  0:20  Pylon  
  14  0:23  Probe (Chrono Boost)  
  15  0:38  Probe (Chrono Boost)  
  15  0:40  Gateway  
  16  0:47  Assimilator  
  16  0:48  Probe (Chrono Boost)  
  17  0:59  Probe (Chrono Boost)  
  18  1:06  Pylon  
  18  1:09  Probe (Chrono Boost)  
  19  1:20  Probe (Chrono Boost)  
  20  1:31  Probe (Chrono Boost)  
  20  1:32  Cybernetics Core  
  21  1:41  Probe (Chrono Boost)  
  22  1:52  Probe (Chrono Boost)  
  23  2:01  Warp Gate  
  23  2:02  Probe (Chrono Boost)  
  23  2:04  Nexus  
  25  2:15  Mothership Core (Chrono Boost)  
  25  2:33  Adept  
  25  2:35  Probe (Chrono Boost)  
  28  2:47  Probe (Chrono Boost)  
  28  2:56  Assimilator  
  28  2:57  Pylon  
  29  2:59  Probe (Chrono Boost)  
  29  3:04  Stalker  
  31  3:10  Gateway  
  31  3:11  Pylon  
  31  3:17  Probe (Chrono Boost)  
  32  3:25  Probe (Chrono Boost)  
  33  3:29  Probe (Chrono Boost)  
  34  3:35  Probe (Chrono Boost)  
  34  3:38  Robotics Facility  
  34  3:41  Probe (Chrono Boost)  
  36  3:46  Probe (Chrono Boost)  
  36  3:47  Adept  
  39  3:52  Assimilator  
  39  3:53  Probe (Chrono Boost)  
  39  3:54  Assimilator  
  40  3:56  Probe (Chrono Boost)  
  41  4:03  Pylon  
  41  4:05  Probe (Chrono Boost)  
  41  4:07  Probe (Chrono Boost)  
  43  4:12  Stalker  
  46  4:17  Probe (Chrono Boost)  
  46  4:18  Probe (Chrono Boost)  
  47  4:27  Immortal  
  47  4:29  Probe x2 (Chrono Boost), Stalker  
  55  4:41  Probe x2 (Chrono Boost), Stalker  
  59  4:51  Stargate  
  60  4:53  Probe (Chrono Boost)  
  60  4:55  Twilight Council  
  60  4:58  Pylon  
  60  4:59  Probe (Chrono Boost), Sentry  
  63  5:04  Observer  
  63  5:05  Probe (Chrono Boost)  
  65  5:11  Probe (Chrono Boost)  
  66  5:15  Adept  
  68  5:21  Gateway, Blink  
  68  5:23  Warp Prism  
  68  5:24  Forge  
  68  5:28  Stalker  
  72  5:29  Pylon  
  72  5:32  Pylon  
  74  5:37  Probe x2 (Chrono Boost)  
  74  5:44  Adept  
  74  5:49  Probe x2 (Chrono Boost)  
  78  5:55  Stalker  
  78  5:56  Protoss Ground Weapons Level 1  
  80  5:59  Observer  
  80  6:01  Probe x2 (Chrono Boost), Stargate  
  80  6:02  Gateway  
  83  6:18  Adept x3, Probe (Chrono Boost)  
  89  6:19  Probe (Chrono Boost)  
  91  6:31  Probe x2 (Chrono Boost)  
  93  6:43  Pylon  
  93  6:45  Pylon  
  93  6:46  Immortal, Pylon  
  94  7:05  Adept x3  
  100  7:09  Resonating Glaives  
  100  7:14  Adept  
  94  7:25  Observer  
  94  7:27  Stalker  
  94  7:28  Stalker x2  
  87  7:36  Adept  
  85  7:47  Immortal  
  89  7:58  Stalker x4  
  91  7:59  Gateway  
  91  8:00  Gateway  
  91  8:03  Gateway  
  97  8:08  Phoenix  
  99  8:24  Adept  
  99  8:25  Adept x3  
  99  8:26  Immortal  
  111  8:33  Phoenix  
  85  8:49  Stalker  
  85  8:50  Stalker x3  
  93  9:01  Adept x2  
  93  9:02  Adept  
Show
View Real Time Build Order
Export as new Build Order

YUTUBE Terran 

Build Orders: MMM Bio 

Get SALT Encoding   

  12  0:02  SCV  
  13  0:14  SCV  
  13  0:17  Supply Depot  
  14  0:26  SCV  
  15  0:41  Barracks  
  15  0:43  SCV  
  15  0:47  Refinery  
  16  0:55  SCV  
  17  1:07  SCV  
  17  1:11  Supply Depot  
  19  1:25  SCV  
  19  1:37  SCV  
  19  1:38  Reaper  
  21  1:54  Command Center  
  21  2:01  Orbital Command  
  21  2:10  Marine  
  22  2:30  Barracks, SCV  
  22  2:31  Barracks  
  22  2:50  Marine, SCV  
  23  2:59  Factory  
  23  3:02  Refinery  
  23  3:05  Orbital Command  
  23  3:07  SCV  
  23  3:10  Marine  
  25  3:19  SCV  
  26  3:22  Marine x2  
  28  3:30  Engineering Bay  
  28  3:31  SCV  
  28  3:32  Marine  
  30  3:37  SCV  
  31  3:44  Marine, Starport, Factory Tech Lab  
  31  3:48  SCV  
  33  3:50  Barracks Tech Lab  
  33  3:52  SCV  
  34  3:58  Missile Turret  
  34  3:59  Terran Infantry Weapons Level 1  
  34  4:03  Missile Turret  
  34  4:07  Marine  
  35  4:10  Stimpack  
  35  4:17  Marine x2  
  37  4:27  Medivac  
  37  4:30  SCV  
  37  4:31  Refinery  
  40  4:32  Marine  
  40  4:33  SCV  
  40  4:36  Supply Depot  
  44  4:44  Siege Tank  
  44  4:45  Marine  
  46  4:49  Barracks  
  46  4:57  Marine  
  46  4:58  Starport Reactor, SCV  
  48  5:06  Marine  
  49  5:07  SCV  
  49  5:12  Engineering Bay  
  50  5:14  Armory  
  50  5:16  SCV  
  50  5:17  Marine  
  50  5:21  Widow Mine  
  52  5:27  Marine, SCV  
  56  5:29  Marine  
  56  5:35  Marine x2  
  57  5:39  SCV  
  60  5:51  Marine x2  
  62  6:18  Marine x4, Siege Tank, SCV  
  70  6:58  Terran Infantry Weapons Level 2  
  70  6:59  Supply Depot, Terran Infantry Armor Level 1  
  70  7:04  Combat Shields  
  70  7:11  Marine x4, SCV x2  
  70  7:14  Command Center  
  72  7:23  SCV  
  72  7:28  Marine x4  
  53  7:44  Medivac, Siege Tank  
  53  7:45  Medivac, SCV  
  53  7:46  Marine x4  
  53  7:50  Missile Turret  
  65  7:56  SCV  
  65  7:57  Refinery  
  66  8:00  SCV  
  66  8:04  Marine x2  
  69  8:07  Marine x2  
  69  8:08  SCV  
  71  8:16  Medivac  
  72  8:22  Marine  
  72  8:23  Marine  
  72  8:25  Marine x2  
  72  8:26  Siege Tank  
  77  8:27  SCV  
  72  8:40  Marine  
  62  8:41  Marine  
  62  8:42  Marine  
  62  8:43  Marine  
  52  8:57  Marine  
  52  8:59  Marine  
  52  9:00  Marine  
  52  9:01  Marine  
Tags
 
Add a new tag
Caveats
  • Supply blocks, unpowered buildings, or Contaminate may cause inaccurate times.
  • Supply counts are checked every 10 seconds.